 Seeded DCSS version 0.27-a0-906-g0a00ce863d (webtiles) character file.

Game seed: 4139751672409936274 (custom seed)

543 rocky1 the Shield-Bearer (level 7, -6/57 HPs)
             Began as a Minotaur Fighter on Apr 7, 2021.
             Killed by divine providence
             ... invoked by an orc priest
              (16 damage)
             ... on level 4 of the Dungeon.
             The game lasted 00:04:30 (2542 turns).

rocky1 the Shield-Bearer (Minotaur Fighter)         Turns: 2542, Time: 00:04:30

Health: -6/57      AC:  6    Str: 22    XL:     7   Next: 6%
Magic:  6/6        EV:  8    Int:  5    God:
Gold:   150        SH: 11    Dex: 10    Spells: 6/6 levels left

rFire    . . .     SeeInvis .   a - +0 long sword
rCold    . . .     Faith    .   c - +0 kite shield
rNeg     . . .     Spirit   .   b - +0 scale mail
rPois    .         Reflect  .   (helmet restricted)
rElec    .         Harm     .   (no cloak)
rCorr    .         Rampage  .   (no gloves)
Will     .....                  (no boots)
Stlth    ..........             (no amulet)
HPRegen  0.19/turn              (no ring)
MPRegen  0.10/turn              (no ring)

@: no status effects
A: horns 2, retaliatory headbutt
a: no special abilities


You were on level 4 of the Dungeon.
You visited 1 branch of the dungeon, and saw 4 of its levels.

You collected 150 gold pieces.

Inventory:

Hand Weapons
 a - a +0 long sword (weapon)
Missiles
 e - 42 poisoned darts (quivered)
Armour
 b - a +0 scale mail (worn)
 c - a +0 kite shield (worn)
Wands
 j - a wand of iceblast (4)
Scrolls
 g - 3 scrolls of fog
 h - a scroll of teleportation
Potions
 d - a potion of brilliance {unknown}
 f - a potion of degeneration {unknown}
 i - a potion of mutation {unknown}
 k - a potion of curing


   Skills:
 - Level 3.6 Fighting
 + Level 6.8 Long Blades
 - Level 3.6 Armour
 + Level 7.3 Shields


You had 6 spell levels left.
You didn't know any spells.
Your spell library contained the following spells:

 Spells                   Type           Power      Damage    Failure   Level
 Animate Skeleton         Necr           0%         N/A       98%         1
 Pain                     Necr           0%         1d4       98%         1
 Vampiric Draining        Necr           0%         2d6       100%        3
 Animate Dead             Necr           0%         N/A       100%        4
 Agony                    Necr           0%         N/A       100%        5


Dungeon Overview and Level Annotations

Branches:
Dungeon (4/15)
 Temple: D:4-7

Altars:
Makhleb
Zin

Annotations:
D:3 2 runed translucent doors, Cheivey's ghost, amateur DjWz


Innate Abilities, Weirdness & Mutations

You have a pair of horns on your head.
You reflexively headbutt those who attack you in melee.


Message History

You headbutt the orc. You slash the orc!
You kill the orc!
You hit the orc. You headbutt the orc.
The orc is heavily wounded.
A quokka skeleton comes into view.
The orc priest calls down the wrath of Beogh upon you.
Beogh smites you!
You hit the orc.
The orc is heavily wounded.
You block the orc's attack. The orc hits you with a +0 falchion.
The orc hits you but does no damage.
You are too injured to fight recklessly!
You are too injured to fight recklessly!
You are too injured to fight recklessly!
You are too injured to fight recklessly!
You are too injured to fight recklessly!
You hit the orc but do no damage.
The orc priest casts a cantrip, but nothing happens.
The orc hits you with a +0 flail.
You hit the orc but do no damage. The orc hits you with a +0 falchion.
You block the orc's attack.
You hit the orc.
The orc is lightly wounded.
The orc barely misses you. The orc hits you with a +0 flail.
The orc priest invokes the aid of Beogh against you.
Beogh smites you!
* * * LOW HITPOINT WARNING * * *
You slash the orc!
You kill the orc!
You block the orc's attack. You block the quokka skeleton's attack.
Unknown command.
You barely miss the orc. You headbutt the orc.
You kill the orc!
You block the quokka skeleton's attack.
You slash the orc priest!
The orc priest is heavily wounded.
The orc priest invokes the aid of Beogh against you.
Beogh smites you!
You die...

#.# #.# .. #.# ...
####.## ...# ##.....##
#..# ....##..## #...#
....###..# #...##.
.....###.## ##Z......
......###.## ##@o......
.......###.####.........
........###.##..>.......
.........###............
.......... #.###........
##...... #.# ###......
####. #.# #....# #.#
##.## #.# ##


You could see an orc priest and a quokka skeleton.

Vanquished Creatures
  Pikel (D:4)
  3 adders
  A worm (D:2)
  2 dart slugs
  4 orcs (D:4)
  3 ball pythons (D:1)
  3 endoplasms
  A giant cockroach (D:2)
  4 goblins
  8 hobgoblins
  7 jackals (D:3)
  A quokka (D:2)
  5 bats
  4 frilled lizards
  4 kobolds
  3 rats (D:1)
54 creatures vanquished.

Notes
Turn   | Place    | Note
-------+----------+-------------------------------------------
     0 | D:1      | rocky1 the Minotaur Fighter began the quest for the Orb.
     0 | D:1      | Reached XP level 1. HP: 19/19 MP: 0/0
    51 | D:1      | Found a faded altar of an unknown god.
   217 | D:1      | Reached skill level 4 in Shields
   218 | D:1      | Reached XP level 2. HP: 25/26 MP: 1/1
   711 | D:2      | Reached XP level 3. HP: 27/31 MP: 2/2
  1457 | D:2      | Found a glowing silver altar of Zin.
  1607 | D:3      | Found a runed translucent door.
  1616 | D:3      | Noticed Cheivey's ghost (amateur DjWz)
  1725 | D:3      | Reached XP level 4. HP: 39/39 MP: 3/3
  1755 | D:3      | Reached skill level 5 in Shields
  1955 | D:3      | Found a runed translucent door.
  2097 | D:4      | Noticed a lemure
  2097 | D:4      | Noticed Pikel
  2098 | D:4      | Noticed a lemure
  2099 | D:4      | Noticed a lemure
  2102 | D:4      | Noticed a lemure
  2109 | D:4      | HP: 1/39 [Pikel/+0 whip of flaming (1)]
  2110 | D:4      | Killed Pikel
  2111 | D:4      | Reached skill level 7 in Shields
  2111 | D:4      | Reached XP level 5. HP: 1/45 MP: 4/4
  2111 | D:4      | Reached XP level 6. HP: 1/51 MP: 5/5
  2111 | D:4      | Reached XP level 7. HP: 2/57 MP: 6/6
  2464 | D:4      | Found a burning altar of Makhleb.
  2542 | D:4      | Killed from afar by an orc priest

Illustrated notes

Levels and vault maps discovered:
D:1:      lemuel_arrival_muddy, layout_rooms, basic_ecumenical_altar
D:2:      layout_loops_ring, basic_altar, serial_rivers,
          chequers_serial_rivers_micro_e, chequers_serial_rivers_room_b,
          chequers_serial_rivers_micro_b, chequers_serial_rivers_room_b
D:3:      layout_basic, ebering_ghost_sewer_f, minmay_misc_feat_x
D:4:      layout_cave_pods, grunt_gozag_statues, lightli_temple_of_fire,
          uniq_pikel

Skill      XL: |  1  2  3  4 |
---------------+-------------+-----
Shields        | 4 7 |  7.3
Long Blades    | 3 4 6 |  6.8
Fighting       | |  3.6
Armour         | |  3.6

Action                   |  1- 3 |  4- 6 |  7- 9 || total
-------------------------+-------+-------+-------++-------
Melee: Long sword        |    82 |    25 |    15 ||   122
       Headbutt          |    11 |     4 |     2 ||    17
Throw: Dart              |     2 |       |       ||     2
  Use: Scroll            |     4 |     1 |       ||     5
       Potion            |       |     2 |       ||     2
Armor: Scale mail        |    40 |    10 |     2 ||    52
Dodge: Dodged            |    30 |     5 |     3 ||    38
Block: Kite shield       |    37 |     9 |     6 ||    52
       Rpst.: Long sword |     6 |     1 |       ||     7

Table legend: (Time is in decaauts)
 A = Elapsed time spent in this place.
 B = Non-inter-level travel time spent in this place.
 C = Inter-level travel time spent in this place.
 D = Time resting spent in this place.
 E = Time spent auto-exploring this place.
 F = Levels seen in this place.
 G = Mean time per level.
                   A        B        C        D        E       F      G
               +--------+--------+--------+--------+--------+-----+--------+
         Total |   2598 |   2545 |     53 |    396 |   1725 |   4 |  649.5 |
       Dungeon |   2598 |   2545 |     53 |    396 |   1725 |   4 |  649.5 |
               +--------+--------+--------+--------+--------+-----+--------+

Top non-repeatable levels by time:
     D:2: 907 daAuts
     D:3: 712 daAuts
     D:1: 691 daAuts
     D:4: 286 daAuts
